 Dungeon Crawl Stone Soup version 0.17-a0-1882-g750edc8 (webtiles) character file.

862 greatheavenlyone the Slinger (level 7, -8/33 HPs)
             Began as a Spriggan Hunter on Sept 22, 2015.
             Shot with an arrow by a centaur (13 damage)
             ... on level 6 of the Dungeon.
             The game lasted 00:15:53 (6748 turns).

greatheavenlyone the Slinger (Spriggan Hunter)      Turns: 6748, Time: 00:15:54

Health: -8/33      AC:  4    Str:  8    XL:     7   Next: 72%
Magic:  8/8        EV: 18    Int: 13    God:
Gold:   117        SH:  0    Dex: 18    Spells: 0 memorised, 6 levels left

rFire  . . .     SeeInvis +     a - +1 hunting sling
rCold  . . .     Clarity  .     d - +0 robe
rNeg   . . .     SustAt   .     (shield restricted)
rPois  .         Gourm    .     (helmet restricted)
rElec  .         Spirit   .     r - +1 cloak
rCorr  .         Warding  .     (gloves unavailable)
rMut   .         Stasis   .     (boots unavailable)
MR     +....                    (no amulet)
Stlth  ++........               (no ring)
                                (no ring)

@: very quick, somewhat resistant to hostile enchantments, unstealthy
A: unfitting armour, see invisible, herbivore 3, speed 3, slow metabolism 2
a: no special abilities


You were on level 6 of the Dungeon.
You were not hungry.

You visited 1 branch of the dungeon, and saw 6 of its levels.

You collected 207 gold pieces.
You spent 90 gold pieces at shops.

Inventory:

Hand weapons
 a - a +1 hunting sling (weapon)
 o - a +0 short sword of draining
Missiles
 b - 13 sling bullets
 h - 135 stones (quivered)
 t - a throwing net
 w - 8 exploding sling bullets
Armour
 d - a +0 robe (worn)
 r - a +1 cloak (worn)
Scrolls
 j - a scroll of enchant armour
 k - 2 scrolls of remove curse
 l - a scroll of recharging
 n - a scroll of fog
 s - a scroll of enchant weapon {unknown}
 v - 2 scrolls of fear
 y - a scroll of identify
Potions
 c - a potion of might
 f - 2 potions of heal wounds
 g - 5 potions of curing
 i - a potion of lignification {unknown}
 m - 2 potions of poison
 q - a potion of invisibility {unknown}
 x - a potion of agility
 z - a potion of flight {unknown}
Comestibles
 e - 2 bread rations
 u - 2 fruits


   Skills:
 - Level 1.5 Fighting
 * Level 11.3 Slings
 - Level 3.0 Dodging
 - Level 1.5 Stealth


You had 6 spell levels left.
You didn't know any spells.

Dungeon Overview and Level Annotations

Branches:
Dungeon (6/15)
 Temple: D:4-7

Altars:
Fedhas
Nemelex Xobeh
Trog
Yredelemnul
The Shining One

Shops:
D:4 !


Innate Abilities, Weirdness & Mutations

You are tiny and cannot use many weapons and most armour.
You have supernaturally acute eyesight.
You are a herbivore.
You cover ground extremely quickly.
You need consume almost no food.


Message History

4 stones; a worker ant corpse You see here 5 stones.
h - 132 stones (gained 5)
You see here a stone.
h - 133 stones (gained 1)
An ogre comes into view. It is wielding a giant club.
The ogre shouts!
Found 4 gold pieces and 2 scrolls of recharging.
A centaur comes into view.
A worm and a centaur come into view.
A giant frog comes into view.
You see here 2 stones.
h - 135 stones (gained 2)
The centaur shouts!
The centaur wields a shortbow.
The centaur shoots an arrow.
The arrow hits you!
* * * LOW HITPOINT WARNING * * *
The centaur wields a shortbow.
The centaur shoots an arrow of flame.
The arrow of flame closely misses you.
The centaur shoots an arrow.
The arrow hits you!
You die...

... .(. #.....# #.#
....##(###..####...#
.....((.[...#....#
......(#....#<#########
.......(....#..........
..).....(.....รท..(#######
................#........
...(.((()(..=...###.(....
o......(....(p.(@........
...#............((.......
s..#.#.....##..###.....w.
[. ..##.......## .......
###.....# ..O.... ##....$
..$.c.. ####.. ...c...
..## ....F.. ### .......


You could see an ogre, a slave, a giant frog (wandering), 2 centaurs and a worm.

Vanquished Creatures
  The ghost of Mulkerokala the Caller, an average HuSu (D:3)
  A sky beast (D:5)
  A phantom (D:6)
  A crimson imp (D:5)
  2 hounds
  An orc priest (D:6)
  An iguana (D:5)
  3 orc wizards
  A giant frog skeleton (D:4)
  2 worker ants
  4 gnolls (D:2)
  10 adders
  A shadow imp (D:5)
  4 oozes (D:1)
  An adder skeleton (D:4)
  An adder zombie (D:5)
  2 worms
  8 giant geckos
  16 orcs
  A ball python (D:1)
  9 bats
  6 giant cockroaches
  2 hobgoblins (D:1)
  11 jackals
  8 kobolds
  4 giant newts
  5 goblins
  11 rats
118 creatures vanquished.

Notes
Turn   | Place    | Note
--------------------------------------------------------------
     0 | D:1      | greatheavenlyone the Spriggan Hunter began the quest for the Orb.
     0 | D:1      | Reached XP level 1. HP: 10/10 MP: 2/2
     1 | D:1      | Found a runed door.
    17 | D:1      | Reached skill level 5 in Slings
   114 | D:1      | Reached XP level 2. HP: 5/14 MP: 3/3
   448 | D:1      | Reached skill level 6 in Slings
   448 | D:1      | Reached XP level 3. HP: 1/18 MP: 4/4
  2182 | D:2      | Reached XP level 4. HP: 14/22 MP: 5/5
  2333 | D:2      | Reached skill level 7 in Slings
  2943 | D:2      | Reached XP level 5. HP: 23/25 MP: 6/6
  3165 | D:3      | Noticed Mulkerokala's ghost (average HuSu)
  3440 | D:3      | Killed Mulkerokala's ghost
  3440 | D:3      | Reached skill level 8 in Slings
  3440 | D:3      | Reached XP level 6. HP: 19/30 MP: 7/7
  3749 | D:3      | Reached skill level 9 in Slings
  3901 | D:3      | Found a basalt altar of Yredelemnul.
  3906 | D:3      | Found a glowing golden altar of the Shining One.
  3909 | D:3      | Noticed an angel
  4583 | D:4      | Found a sparkling altar of Nemelex Xobeh.
  4622 | D:4      | Found a bloodstained altar of Trog.
  4798 | D:4      | Found Egoczoud's Distillery.
  4811 | D:4      | Bought a potion of agility for 40 gold pieces
  4811 | D:4      | Bought a potion of heal wounds for 50 gold pieces
  5067 | D:5      | Entered Level 5 of the Dungeon
  5278 | D:5      | Found a blossoming altar of Fedhas.
  5317 | D:5      | Reached skill level 10 in Slings
  5317 | D:5      | Reached XP level 7. HP: 33/33 MP: 8/8
  6503 | D:6      | Reached skill level 11 in Slings
  6748 | D:6      | Shot with an arrow by a centaur

Vault maps used:
D:1:      dpeg_arrival_caged_fury
D:2:      first_bread
D:3:      grunt_temple_overflow_holy_war
D:4:      lemuel_round_altar, serial_shops, shop, nemelex_lonely_heart_becter
D:5:      lemuel_doored_altar, st_stairs_13
D:6:      gup_sewer_entry_spiral, uniq_pikel

Action                   |  1- 3 |  4- 6 |  7- 9 || total
-------------------------+-------+-------+-------++-------
Melee: Short sword       |   207 |       |       ||   207
 Fire: Hunting sling     |     2 |   309 |   134 ||   445
  Use: Scroll            |     5 |     7 |     2 ||    14
       Potion            |       |     1 |       ||     1
 Stab: Sleeping          |     3 |       |       ||     3
  Eat: Bread ration      |       |     1 |       ||     1
